 Dungeon Crawl Stone Soup version 0.29-a0-577-gafbf2c5d25 (webtiles) character file.

Game seed: 13177873126230728405

125 beeps the Ducker (level 5, 0/46 HPs)
             Began as a Meteoran Wanderer on June 13, 2022.
             Succumbed to an adder's poison
             ... on level 4 of the Dungeon.
             The game lasted 00:06:14 (2092 turns).

beeps the Ducker (Meteoran Wanderer)                Turns: 2092, Time: 00:06:14

Health: 0/46       AC:  3    Str: 17    XL:     5   Next: 57%
Magic:  6/6        EV: 13    Int: 10    God:
Gold:   94         SH:  0    Dex: 15    Spells: 4/4 levels left

rFire   . . .      SeeInvis .   a - +3 dagger
rCold   . . .      Faith    .   (no shield)
rNeg    . . .      Spirit   .   e - +0 leather armour
rPois   .          Reflect  .   (no helmet)
rElec   .          Harm     .   (no cloak)
rCorr   .          Rampage  .   (no gloves)
Will    .....                   (no boots)
Stlth   +.........              (no amulet)
HPRegen 0.15/turn               (no ring)
MPRegen 0.10/turn               (no ring)

@: lethally poisoned (0 -> -7), glowing
A: sense surroundings 1, otherworldly, glowing, explore regen
a: no special abilities


You were on level 4 of the Dungeon.
You visited 1 branch of the dungeon, and saw 4 of its levels.

You collected 94 gold pieces.

Inventory:

Hand Weapons
 a - a +3 dagger (weapon)
 c - a +0 hand axe
 h - a +0 war axe
Missiles
 i - 33 stones (quivered)
Armour
 e - a +0 leather armour (worn)
Scrolls
 b - a scroll of blinking
 f - 3 scrolls of identify {unknown}
 g - a scroll of noise {unknown}
 k - 2 scrolls of torment {unknown}
 l - 4 scrolls of teleportation {unknown}
 n - a scroll of fear {unknown}
 o - a scroll of poison {unknown}
Potions
 d - a potion of lignification
 j - a potion of berserk rage {unknown}
 m - a potion of invisibility {unknown}
 p - a potion of curing {unknown}


   Skills:
 + Level 3.7 Fighting
 + Level 3.1 Axes
 - Level 1.2 Armour
 + Level 4.0 Dodging
 - Level 3.1 Stealth


You had 4 spell levels left.
You didn't know any spells.
Your spell library was empty.

Dungeon Overview and Level Annotations

Branches:
Dungeon (4/15)
 Temple: D:4-7

Altars:
Dithmenos
Kikubaaqudgha

Shops:
D:4 =


Innate Abilities, Weirdness & Mutations

You passively map a small area around you.
You are easily found by Zot.
You glow in the dark.
You regain HP and MP as you explore.


Message History

The phantom barely misses you.
You hit the phantom.
The phantom is moderately damaged.
The adder misses you. The phantom misses you.
You barely miss the phantom.
The phantom is moderately damaged.
The adder bites you. The phantom hits you. The adder closely misses you.
You hit the phantom.
The phantom is moderately damaged.
The phantom hits you. The adder misses you.
You are too injured to fight recklessly!
You are too injured to fight recklessly!
You are too injured to fight recklessly!
You are too injured to fight recklessly!
You closely miss the adder. The adder bites you.
You are poisoned.
The adder poisons you! The phantom closely misses you.
You hit the adder.
The adder is lightly wounded.
You feel sick. The adder bites you.
You are more poisoned.
The adder poisons you! The phantom hits you.
* * * LOW HITPOINT WARNING * * *
You hit the adder. You punch the adder.
The adder is heavily wounded.
* * * LOW HITPOINT WARNING * * *
You feel sick. The adder bites you.
* * * LOW HITPOINT WARNING * * *
The phantom hits you but does no damage.
The adder bites you.
* * * LOW HITPOINT WARNING * * *
You hit the phantom.
The phantom is heavily damaged.
* * * LOW HITPOINT WARNING * * *
You feel sick. The adder bites you but does no damage.
The phantom barely misses you. The goblin hits you with a +0 dagger.
* * * LOW HITPOINT WARNING * * *
You hit the phantom.
The phantom is heavily damaged.
You die...

.)............## #......
..g.g....#.#...####....# ,
*
.........##......#.....##
*
.......g..#.............#
*
..........#...............
......................###.
.......................#**
,
...............g.W....#.#
..............g.@...###..#
................S...# ..
....................# *
.............#
............##
,,.............# , ,
.........##.... ,
.......### .... .......,**
,... , ,


You could see a phantom, an adder and 2 goblins.

Vanquished Creatures
  An orc priest (D:3)
  2 adders (D:3)
  4 dart slugs
  6 orcs
  4 bats
  5 endoplasms
  2 giant cockroaches
  10 goblins
  8 hobgoblins
  4 kobolds
  A quokka (D:3)
  4 ball pythons
  4 frilled lizards
  4 rats (D:2)
59 creatures vanquished.

Notes
Turn   | Place    | Note
-------+----------+-------------------------------------------
     0 | D:1      | beeps the Meteoran Wanderer began the quest for the Orb.
     0 | D:1      | beeps set off with the following items: a +3 dagger, a
                  | scroll of blinking, a +0 hand axe, a potion of
                  | lignification, a +0 leather armour
     0 | D:1      | Reached XP level 1. HP: 17/17 MP: 2/2
    96 | D:1      | Reached XP level 2. HP: 25/25 MP: 3/3
   505 | D:2      | You fall into a shaft and drop 2 floors!
   514 | D:3      | Found a shadowy altar of Dithmenos.
   547 | D:3      | Reached skill level 3 in Dodging
   547 | D:3      | Reached XP level 3. HP: 15/30 MP: 4/4
   742 | D:3      | Reached XP level 4. HP: 32/38 MP: 5/5
   980 | D:2      | Reached XP level 5. HP: 43/45 MP: 6/6
  1142 | D:2      | Found an ancient bone altar of Kikubaaqudgha.
  1846 | D:4      | Noticed a phantom
  1966 | D:4      | Found Fyn Zal's Jewellery Shop.
  1990 | D:3      | Reached skill level 4 in Dodging
  2091 | D:4      | HP: 2/46 [goblin/+0 dagger[Robin] (1)]
  2092 | D:4      | Succumbed to an adder's poison

Illustrated notes

Levels and vault maps discovered:
D:1:      ncdulo_wetmaze, layout_loops_ring, hangedman_decor_push, minivault_27,
          minmay_split_cup_large
D:2:      layout_loops_ring, basic_altar
D:3:      layout_basic, nicolae_dithmenos_the_darkroom,
          corexii_item_surrounded_by_moat
D:4:      layout_layer_cave, bloody_makhleb, marbit_many_paths,
          hellmonk_ghost_happy_afterlife, serial_shops, shop, shop,
          kennysheep_flooded_box, uniq_robin, uniq_pikel

Skill      XL: |  1  2  3  4  5 |
---------------+----------------+-----
Stealth        | 3 |  3.1
Dodging        | 3 4 |  4.0
Axes           | 2 3 |  3.1
Fighting       | 3 |  3.7
Armour         | |  1.2

Action                   |  1- 3 |  4- 6 || total
-------------------------+-------+-------++-------
Melee: Dagger            |    72 |   118 ||   190
       Punch             |       |     2 ||     2
Throw: Stone             |       |    12 ||    12
Armor: Leather armour    |    19 |    23 ||    42
Dodge: Dodged            |    32 |    71 ||   103

Table legend: (Time is in decaauts)
 A = Elapsed time spent in this place.
 B = Non-inter-level travel time spent in this place.
 C = Inter-level travel time spent in this place.
 D = Time resting spent in this place.
 E = Time spent auto-exploring this place.
 F = Levels seen in this place.
 G = Mean time per level.
                   A        B        C        D        E       F      G
               +--------+--------+--------+--------+--------+-----+--------+
         Total |   2100 |   1929 |    171 |    287 |   1027 |   4 |  525.0 |
       Dungeon |   2100 |   1929 |    171 |    287 |   1027 |   4 |  525.0 |
               +--------+--------+--------+--------+--------+-----+--------+

Top non-repeatable levels by time:
     D:3: 1027 daAuts
     D:2: 501 daAuts
     D:1: 462 daAuts
     D:4: 109 daAuts
